 Dungeon Crawl Stone Soup version 0.18-a0-1624-g19ad93e (webtiles) character file.

165 Oddball22 the Magician (level 5, -3/28 HPs)
             Began as a Deep Elf Summoner on Mar 24, 2016.
             Slain by an iguana (7 damage)
             ... on level 4 of the Dungeon.
             The game lasted 00:09:14 (3882 turns).

Oddball22 the Magician (Deep Elf Summoner)          Turns: 3882, Time: 00:09:15

Health: -3/28      AC:  3    Str:  5    XL:     5   Next: 22%
Magic:  13/15      EV: 14    Int: 21    God:
Gold:   263        SH:  0    Dex: 15    Spells: 5 memorised, 2 levels left

rFire  . . .     SeeInvis .     y - +1 whip (drain)
rCold  . . .     Gourm    .     a - +0 robe
rNeg   . . .     Faith    .     (no shield)
rPois  .         Spirit   .     (no helmet)
rElec  .         Dismiss  .     (no cloak)
rCorr  .         Reflect  .     (no gloves)
SustAt .         Harm     .     d - +0 pair of boots
MR     .....                    (no amulet)
Stlth  ++........               (no ring)
                                (no ring)

@: flying, not resistant to hostile enchantments, unstealthy
A: no striking features
a: no special abilities


You were on level 4 of the Dungeon.
You were not hungry.

You visited 1 branch of the dungeon, and saw 4 of its levels.

You collected 263 gold pieces.

Inventory:

Hand Weapons
 x - a +0 dagger of freezing
 y - a +1 whip of draining (weapon)
Missiles
 n - 16 poisoned needles
Armour
 a - a +0 robe (worn)
 d - a +0 pair of boots (worn)
 o - a +0 fire dragon armour
Magical Staves
 t - an uncursed staff of fire
Wands
 v - a wand of random effects (13/48)
Scrolls
 f - 5 scrolls of identify
 g - 2 scrolls of random uselessness {unknown}
 m - a scroll of enchant armour {unknown}
 s - a scroll of enchant weapon {unknown}
 u - 2 scrolls of remove curse
Potions
 h - a potion of berserk rage {unknown}
 i - a potion of might {unknown}
 j - a potion of beneficial mutation {unknown}
 l - a potion of mutation {unknown}
 q - a potion of agility {unknown}
 r - a potion of brilliance {unknown}
 w - a potion of invisibility {unknown}
Books
 b - a book of Callings

   Spells                             Type                      Level
   a - Summon Small Mammal            Summoning                    1
   b - Call Imp                       Summoning                    2
   c - Call Canine Familiar           Summoning                    3
   d - Summon Guardian Golem          Hexes/Summoning              3
   e - Summon Lightning Spire         Summoning/Air                4
   f - Summon Ice Beast               Ice/Summoning                4
Comestibles
 c - 4 bread rations
 k - 2 slices of pizza
 p - 3 fruits
 z - a beef jerky
 A - 2 chunks of flesh


   Skills:
 + Level 3.9 Dodging
 - Level 2.4 Stealth
 * Level 5.8 Spellcasting
 + Level 5.0 Summonings


You had 2 spell levels left.
You knew the following spells:

 Your Spells              Type           Power        Failure   Level  Hunger
a - Summon Small Mammal   Summ           ####         1%          1    None
b - Call Imp              Summ           ####....     1%          2    None
c - Call Canine Familiar  Summ           ####....     4%          3    ##.....
d - Summon Guardian Gole  Hex/Summ       ###.....     14%         3    ##.....
e - Summon Lightning Spi  Summ/Air       ###.....     41%         4    ####...


Dungeon Overview and Level Annotations

Branches:
Dungeon (4/15)
 Temple: D:4-7

Altars:
Gozag
Pakellas
Trog


Message History

e - a metallic grey potion
Casting: Call Canine Familiar
Confirm with . or Enter, or press ? or * to list all spells.
Your hound bites the iguana.
You barely miss the iguana.
The iguana is lightly wounded.
Your hound misses the iguana.
Your hound bites the iguana.
The iguana bites you!
You barely miss the iguana.
The iguana is lightly wounded.
Your hound barely misses the iguana.
The iguana bites you!
* * * LOW HITPOINT WARNING * * *
Your hound barely misses the iguana.
Your hound bites the iguana.
Your hound bites the iguana but does no damage.
Drink which item? (? for menu, Esc to quit)
It was a potion of flight.
You feel very buoyant.
You fly up into the air.
The iguana bites you!
You die...

##.......###...........
####.#### #..........#
##.# #.........## #.##
#.........## ##.#
##.........# #<.##
##....###.# ###...#
###### #.# ##.....##
#.# #....hl@## #..
#..###.....# ##. #.#
###....# #. # ##...# #.
.....# #. ####.# ## ##


You could see an iguana and a friendly hound.

Vanquished Creatures
  A worker ant (D:4)
  An orc (D:4)
  A giant cockroach (D:4)
  A bat (D:2)
  A rat (D:1)
5 creatures vanquished.

Vanquished Creatures (collateral kills)
  A howler monkey (D:4)
  3 orc priests (D:4)
  A worker ant (D:4)
  A hound skeleton (D:4)
  4 adders
  An ooze (D:3)
  A worm (D:2)
  A dart slug (D:3)
  2 giant geckos (D:3)
  An orc (D:4)
  A giant cockroach (D:2)
  4 goblins
  3 hobgoblins
  2 quokkas (D:2)
  A ball python (D:2)
  4 bats
  3 giant newts
  6 kobolds
  8 rats
48 creatures vanquished.

Grand Total: 53 creatures vanquished

Notes
Turn   | Place    | Note
--------------------------------------------------------------
     0 | D:1      | Oddball22 the Deep Elf Summoner began the quest for the Orb.
     0 | D:1      | Reached XP level 1. HP: 10/10 MP: 6/6
   836 | D:2      | Reached XP level 2. HP: 15/15 MP: 6/8
   882 | D:2      | Learned a level 2 spell: Call Imp
  1494 | D:2      | Reached XP level 3. HP: 19/19 MP: 5/10
  1512 | D:2      | Learned a level 3 spell: Call Canine Familiar
  1516 | D:2      | Learned a level 3 spell: Summon Guardian Golem
  1894 | D:3      | Found an oddly glowing altar of Pakellas.
  2199 | D:3      | Found a faded altar to an unknown god.
  2267 | D:3      | Found an opulent altar of Gozag.
  2803 | D:4      | Reached skill level 5 in Spellcasting
  2803 | D:4      | Reached XP level 4. HP: 11/24 MP: 13/13
  3501 | D:4      | Learned a level 4 spell: Summon Lightning Spire
  3535 | D:4      | Found a bloodstained altar of Trog.
  3767 | D:4      | HP: 1/24 [orc priest/falchion (7)]
  3768 | D:4      | Reached skill level 5 in Summonings
  3768 | D:4      | Reached XP level 5. HP: 2/28 MP: 12/15
  3882 | D:4      | Slain by an iguana

Vault maps used:
D:1:      onia_arrival_pyramid, minmay_misc_feat_rows, grunt_decor_arrowhead,
          due_unseen_surprise
D:2:      lemuel_upstairs_altar, first_bread, kennysheep_generic_room_9
D:3:      lemuel_crystal_altar, grunt_pakellas_basics, ecumenical_altar_2
D:4:      kennysheep_mini_moat, minmay_temple_entry_trees, serial_park,
          serial_park_square2

Skill      XL: |  1  2  3  4 |
---------------+-------------+-----
Spellcasting   | 4 5 |  5.8
Dodging        | 3 |  3.9
Summonings     | 5 |  5.0
Stealth        | |  2.4

Action                   |  1- 3 |  4- 6 || total
-------------------------+-------+-------++-------
Melee: Unarmed           |    24 |       ||    24
       Staff             |     7 |    10 ||    17
       Whip              |       |     7 ||     7
       Dagger            |       |     2 ||     2
 Cast: Summon Small Mamm |    19 |     2 ||    21
       Call Imp          |    10 |       ||    10
       Call Canine Famil |     8 |     6 ||    14
       Summon Lightning  |       |     1 ||     1
  Use: Scroll            |     5 |     1 ||     6
       Potion            |     1 |     2 ||     3
  Eat: Chunk             |     6 |     4 ||    10
